 Dungeon Crawl Stone Soup version 0.25-a0-96-g4073cf80fb (webtiles) character file.

Game seed: 11002649877095688120, levelgen mode: deterministic

12 G3Kappa the Skirmisher (level 2, 25/28 HPs)
             Began as a Minotaur Fighter on Nov 12, 2019.
             Quit the game on level 1 of the Dungeon on June 20, 2020.
             The game lasted 00:02:00 (141 turns).

G3Kappa the Skirmisher (Minotaur Fighter)            Turns: 141, Time: 00:02:01

Health: 25/28      AC:  6    Str: 20    XL:     2   Next: 20%
Magic:  1/1        EV:  7    Int:  5    God:
Gold:   0          SH:  9    Dex:  9    Spells: 1/1 levels left

rFire    . . .     SeeInvis .   a - +0 flail
rCold    . . .     Gourm    .   c - +0 shield
rNeg     . . .     Faith    .   b - +0 scale mail
rPois    .         Spirit   .   (helmet restricted)
rElec    .         Reflect  .   (no cloak)
rCorr    .         Harm     .   (no gloves)
MR       .....                  (no boots)
Stlth    ..........             (no amulet)
HPRegen  0.09/turn              (no ring)
MPRegen  0.07/turn              (no ring)

@: no status effects
A: retaliatory headbutt, horns 2
a: no special abilities


You were on level 1 of the Dungeon.
You were not hungry.

You visited 1 branch of the dungeon, and saw 1 of its levels.

Inventory:

Hand Weapons
 a - a +0 flail (weapon)
Armour
 b - a +0 scale mail (worn)
 c - a +0 shield (worn)
Scrolls
 e - a scroll of remove curse {unknown}
Potions
 d - a potion of might
 h - a potion of degeneration {unknown}
 i - 3 potions of invisibility {unknown}
Comestibles
 f - 2 rations
 g - 3 chunks of flesh


   Skills:
 + Level 4.5 Fighting
 - Level 2.4 Maces & Flails
 - Level 3.6 Armour
 - Level 3.6 Shields


You had one spell level left.
You didn't know any spells.
Your spell library was empty.

Dungeon Overview and Level Annotations

Branches:
Dungeon (1/15)

Altars:


Innate Abilities, Weirdness & Mutations

You reflexively headbutt those who attack you in melee.
You have a pair of horns on your head.


Message History

You barely miss the bat. The bat hits you but does no damage.
The bat barely misses you. The bat hits you but does no damage.
The bat barely misses you. The kobold hits you but does no damage.
The rat bites you but does no damage. The bat hits you but does no damage.
The bat hits you but does no damage.
You closely miss the bat. The bat barely misses you. You furiously retaliate!
You headbutt the bat!
You kill the bat!
You block the kobold's attack.
You hit the kobold but do no damage. The kobold barely misses you.
You barely miss the kobold. Your headbutt misses the kobold.
You block the kobold's attack.
You sock the kobold!
You kill the kobold!
You closely miss the rat. You headbutt the rat, but do no damage.
You block the rat's attack.
You closely miss the rat. The rat closely misses you.
You block the rat's attack.
You barely miss the rat. You headbutt the rat.
You kill the rat!
Welcome back, G3Kappa the Minotaur Fighter.
Press ? for a list of commands and other information.
Unknown command.
Are you sure you want to abandon this character and quit the game? (Confirm with "yes".)

#...............
#.........##..##
#####..#####.)(.
#.........#....(
#!........#.....
#.........#.....
#...............
######.[?............
#...@...(............
#.####...♣♣♣..!......
# #.....♣..........
#.................
#..♣.......... ..
...♣♣.......... .
.... ........... .
... ....≈≈≈≈≈≈.. . .)
....≈≈####≈≈. .


There were no monsters in sight!

Vanquished Creatures
  An ooze (D:1)
  2 giant cockroaches (D:1)
  2 bats (D:1)
  3 kobolds (D:1)
  A rat (D:1)
9 creatures vanquished.

Notes
Turn   | Place    | Note
-------+----------+-------------------------------------------
     0 | D:1      | G3Kappa the Minotaur Fighter began the quest for the Orb.
     0 | D:1      | Reached XP level 1. HP: 19/19 MP: 0/0
     7 | D:1      | Reached skill level 4 in Fighting
    85 | D:1      | Reached XP level 2. HP: 28/28 MP: 1/1
   141 | D:1      | Quit the game

Levels and vault maps discovered:
D:1:      mrwooster_arrival_statue_2, layout_rooms, kennysheep_decorative_pillar

Skill      XL: |  1 |
---------------+----+-----
Fighting       | 4 |  4.5
Maces & Flails | |  2.4
Armour         | |  3.6
Shields        | |  3.6

Action                   || total
-------------------------++-------
Melee: Flail             ||    21
       Headbutt          ||     5
Armor: Scale mail        ||    13
Dodge: Dodged            ||     8
Block: Shield            ||    15

Table legend:
 A = Non-vault XP
 B = Vault XP
 C = Vault XP percentage of total XP
 D = Non-vault monster count
 E = Vault monster count
 F = Vault count percentage of total count
                 A         B        C        D         E       F
            +---------+---------+-------+---------+---------+-------
      Total |      18 |       0 |   0.0 |       9 |       0 |   0.0
            +---------+---------+-------+---------+---------+-------
        D:1 |      18 |       0 |   0.0 |       9 |       0 |   0.0
            +---------+---------+-------+---------+---------+-------
